 Dungeon Crawl Stone Soup version 0.23-a0-164-g7711e57 (webtiles) character file.

94 CanOfBees the Bolt Thrower (level 4, -3/28 HPs)
             Began as a Tengu Hunter on Sept 10, 2018.
             Slain by Crazy Yiuf
             ... wielding a +3 quarterstaff of chaos
              (8 damage)
             ... on level 2 of the Dungeon.
             The game lasted 00:02:59 (2568 turns).

CanOfBees the Bolt Thrower (Tengu Hunter)           Turns: 2568, Time: 00:02:59

Health: -3/28      AC:  5    Str: 14    XL:     4   Next: 63%
Magic:  5/5        EV: 12    Int: 11    God:
Gold:   41         SH:  0    Dex: 14    Spells: 3/3 levels left

rFire    . . .     SeeInvis .   q - +0 dagger (venom)
rCold    . . .     Gourm    .   (no shield)
rNeg     . . .     Faith    .   k - +0 ring mail
rPois    .         Spirit   .   (helmet restricted)
rElec    .         Reflect  .   (no cloak)
rCorr    .         Harm     .   (no gloves)
MR       .....                  (boots unavailable)
Stlth    +.........             (no amulet)
HPRegen  0.09/turn              (no ring)
MPRegen  0.09/turn              (no ring)

@: no status effects
A: beak, talons 3
a: no special abilities


You were on level 2 of the Dungeon.
You were not hungry.

You visited 1 branch of the dungeon, and saw 2 of its levels.

You collected 41 gold pieces.

Inventory:

Hand Weapons
 a - a +2 hand crossbow
 j - a +1 whip of draining
 q - a +0 dagger of venom (weapon)
Missiles
 d - 18 bolts
 e - 67 stones (quivered)
Armour
 k - a +0 ring mail (worn)
Scrolls
 m - a scroll of remove curse
 n - a scroll of identify {unknown}
 o - a scroll of fear {unknown}
Potions
 c - a potion of berserk rage {unknown}
 g - 2 potions of curing {unknown}
 i - 2 potions of flight {unknown}
 l - 2 potions of resistance {unknown}
 p - a potion of cancellation {unknown}
Comestibles
 f - 6 rations


   Skills:
 + Level 3.1 Fighting
 + Level 5.1 Crossbows
 + Level 3.4 Dodging
 - Level 1.0 Stealth


You had 3 spell levels left.
You didn't know any spells.
Your spell library was empty.

Dungeon Overview and Level Annotations

Branches:
Dungeon (2/15)

Altars:

Annotations:
D:2 Crazy Yiuf


Innate Abilities, Weirdness & Mutations

You have a beak for a mouth.
You have claws for feet.


Message History

Crazy Yiuf hits you with a quarterstaff of chaos.
You can move again.
Crazy Yiuf twirls on the spot.
You are now empty-handed.
Crazy Yiuf hits you with a quarterstaff of chaos!
Crazy Yiuf draws strength from your wounds!
Wield which item (- for none, * to show all)? (? for menu, Esc to quit)
Your +0 dagger of venom begins to drip with poison!
q - a +0 dagger of venom (weapon)
You hit Crazy Yiuf.
Crazy Yiuf is poisoned.
You claw Crazy Yiuf.
Crazy Yiuf is heavily wounded.
Crazy Yiuf says, "Key koolooloo ragdoll!"
Crazy Yiuf hits you with a quarterstaff of chaos!
* * * LOW HITPOINT WARNING * * *
Crazy Yiuf draws strength from your wounds!
You hit Crazy Yiuf but do no damage.
Crazy Yiuf looks as sick as possible!
You peck Crazy Yiuf.
Crazy Yiuf is moderately wounded.
Crazy Yiuf hits you with a quarterstaff of chaos!
You die...

..# ### #.#
#.# #####
##### #.#
#...# #)..#
#.# #.###
#.(.# #.#
#.# ... #.#
#.# #(# #)#
#.# ♣g♣♣
#.#####.###
♣♣@♣
#.........#
♣.♣♣
#########.#
♣♣.♣ #.#
♣♣.♣♣ #.#
♣♣PP.♣ #.#
♣P♣.P♣ #.#
#....#
#.####....#
#........##


You could see Crazy Yiuf.

Vanquished Creatures
  3 adders (D:2)
  3 oozes
  3 worms (D:2)
  3 leopard geckos
  2 giant cockroaches
  3 hobgoblins
  7 bats
  2 frilled lizards (D:1)
  8 goblins
  7 kobolds
  6 rats
  A fungus (D:2)
48 creatures vanquished.

Notes
Turn   | Place    | Note
-------+----------+-------------------------------------------
     0 | D:1      | CanOfBees the Tengu Hunter began the quest for the Orb.
     0 | D:1      | Reached XP level 1. HP: 12/12 MP: 2/2
    79 | D:1      | Reached XP level 2. HP: 10/17 MP: 3/3
   511 | D:1      | Reached XP level 3. HP: 20/22 MP: 4/4
  1383 | D:2      | Reached skill level 5 in Crossbows
  1383 | D:2      | Reached XP level 4. HP: 23/27 MP: 5/5
  1610 | D:2      | Found a faded altar of an unknown god.
  2553 | D:2      | Found a runed door.
  2558 | D:2      | Noticed Crazy Yiuf
  2560 | D:2      | Paralysed by Crazy Yiuf for 4 turns
  2568 | D:2      | Slain by Crazy Yiuf

Vault maps used:
D:1:      erik_arrival_gehennom, hangedman_decor_lopped
D:2:      chequers_ecumenical_altar_simple, first_ration,
          uniq_crazy_yiuf_cottage

Skill      XL: |  1  2  3  4 |
---------------+-------------+-----
Dodging        | 3 |  3.4
Crossbows      | 5 |  5.1
Fighting       | 3 |  3.1
Stealth        | |  1.0

Action                   |  1- 3 |  4- 6 || total
-------------------------+-------+-------++-------
Melee: Short sword       |    74 |    34 ||   108
       Kick              |    19 |    19 ||    38
       Peck              |     5 |    13 ||    18
       Whip              |       |    17 ||    17
       Dagger            |       |     2 ||     2
 Fire: Hand crossbow     |     3 |     2 ||     5
Throw: Stone             |     5 |    11 ||    16
  Use: Scroll            |     2 |       ||     2
 Stab: Sleeping          |     1 |       ||     1
  Eat: Chunk             |     1 |     4 ||     5
Armor: Leather armour    |    14 |       ||    14
       Ring mail         |    14 |     7 ||    21
Dodge: Dodged            |    49 |    30 ||    79

Table legend:
 A = Non-vault XP
 B = Vault XP
 C = Vault XP percentage of total XP
 D = Non-vault monster count
 E = Vault monster count
 F = Vault count percentage of total count
                 A         B        C        D         E       F
            +---------+---------+-------+---------+---------+-------
      Total |     118 |      17 |  12.6 |      42 |       5 |  10.6
            +---------+---------+-------+---------+---------+-------
        D:1 |      33 |      17 |  34.0 |      21 |       5 |  19.2
        D:2 |      85 |       0 |   0.0 |      21 |       0 |   0.0
            +---------+---------+-------+---------+---------+-------
